Map: Ruins of Seras

Players

GameOfDrones

  • Race: Zerg Zerg

Pseudorandom - Winner!

VOD

Have the link to the VOD?

Description

Time

  • Played on: March 31, 2015, 10:23 p.m.
  • Length: 4:03
Show
View Real Time Build Order
Export as new Build Order

GameOfDrones Zerg 

Build Orders: Pool First, Zergling Baneling 

Get SALT Encoding   

  12  0:01  Drone  
  13  0:12  Overlord  
  13  0:18  Drone  
  14  0:22  Extractor  
  14  0:23  Drone  
  15  0:31  Drone  
  16  0:37  Drone  
  17  0:46  Spawning Pool  
  16  0:50  Drone  
  17  0:57  Extractor  
  16  1:15  Hatchery  
  15  1:20  Overlord  
  15  1:25  Drone  
  16  1:38  Queen  
  18  1:43  Zergling x2  
  19  1:49  Drone  
  20  1:54  Drone  
  20  1:58  Overlord  
  21  2:06  Metabolic Boost  
  21  2:20  Zergling x4  
  23  2:49  Zergling x8  
  23  2:51  Baneling Nest  
  21  3:06  Queen  
  23  3:16  Drone x2  
  23  3:17  Drone  
Show
View Real Time Build Order
Export as new Build Order

Pseudorandom Zerg - Winner!

Build Orders: Pool First, Zergling Baneling 

Get SALT Encoding   

  12  0:01  Drone  
  13  0:10  Drone  
  14  0:16  Extractor  
  14  0:17  Drone  
  14  0:33  Spawning Pool  
  13  0:38  Drone  
  14  0:45  Overlord  
  14  1:04  Drone  
  15  1:19  Metabolic Boost  
  15  1:20  Zergling x6  
  18  1:27  Queen  
  18  1:31  Drone  
  21  1:42  Drone  
  22  1:53  Overlord  
  22  2:07  Baneling Nest  
  21  2:13  Hatchery  
  20  2:16  Drone  
  20  2:21  Drone  
  22  2:27  Drone  
  23  2:38  Zergling x6  
  26  2:45  Zergling x4  
  28  2:56  Zergling x2  
  27  3:06  Zergling x2  
  28  3:16  Overlord  
  28  3:17  Overlord  
  25  3:28  Zergling x8  
  25  3:31  Baneling x2  
  28  3:39  Zergling x2  
  29  3:43  Drone  
Tags
 
Add a new tag
Caveats
  • Supply blocks, unpowered buildings, or Contaminate may cause inaccurate times.
  • Supply counts are checked every 10 seconds.